[Event "CCT Chessable Masters Play-In 2025"]
[Site "Online"]
[Date "2025.02.17"]
[Round "1.1"]
[White "Vachier-Lagrave, Maxime"]
[Black "Azarov, Sergei"]
[Result "1-0"]
[ECO "C55"]
[WhiteElo "2729"]
[BlackElo "2596"]
[PlyCount "83"]
[EventDate "2025.02.13"]
[EventType "swiss"]
[EventCountry "NET"]
[TimeControl "600"]
[WhiteClock "0:04:42"]
[BlackClock "0:02:41"]

1. e4 e5 2. Nf3 Nc6 3. Bb5 a6 4. Ba4 Nf6 5. O-O Be7 6. d3 b5 7. Bb3 d6 8. c3 O-O 9. h3 Na5 10. Bc2 c5 11. d4 Qc7 12. d5 Nc4 13. b3 Nb6 14. Be3 Bb7 15. Nbd2 Nbxd5 16. exd5 Nxd5 17. c4 Nc3 18. Qe1 f5 19. Nb1 Ne4 20. Bxe4 Bxe4 21. Nc3 Bc6 22. Rd1 e4 23. Nh2 f4 24. Bc1 Bh4 25. Qd2 Qb7 26. Nd5 Rae8 27. Nxf4 Bg5 28. Qxd6 Rf6 29. Qxc5 Bxf4 30. Ng4 Rff8 31. Bxf4 Rxf4 32. Rd6 Bd7 33. Ne3 Rff8 34. Qd5+ Qxd5 35. cxd5 Bc8 36. Rc1 Rd8 37. Rb6 h6 38. d6 a5 39. Rc7 b4 40. Nc4 Be6 41. Ne5 Rf6 42. Rbb7 1-0

[Event "CCT Chessable Masters Play-In 2025"]
[Site "Online"]
[Date "2025.02.17"]
[Round "1.2"]
[White "Kravtsiv, Martyn"]
[Black "Aronian, Levon"]
[Result "0-1"]
[ECO "C01"]
[WhiteElo "2598"]
[BlackElo "2745"]
[PlyCount "106"]
[EventDate "2025.02.13"]
[EventType "swiss"]
[EventCountry "NET"]
[TimeControl "600"]
[BlackClock "0:00:14"]

1. e4 e6 2. d4 d5 3. exd5 exd5 4. Nf3 Bd6 5. Bd3 Nc6 6. O-O Bg4 7. c3 Nge7 8. b3 Qd7 9. Na3 a6 10. Nc2 O-O 11. Ne3 Bh5 12. Ne5 Nxe5 13. Bxh7+ Kxh7 14. Qxh5+ Kg8 15. dxe5 Bc5 16. Rd1 Qe6 17. Ng4 c6 18. Rd3 f5 19. Nh6+ gxh6 20. Bxh6 f4 21. Bxf8 Rxf8 22. b4 Bb6 23. Re1 Qf5 24. Qxf5 Rxf5 25. e6 Kg7 26. Kf1 Bc7 27. Rh3 Be5 28. Ke2 b5 29. Kd3 Ng6 30. g4 fxg3 31. hxg3 Rxf2 32. e7 Kf7 33. Rh6 Rf3+ 34. Kc2 Rxc3+ 35. Kb1 Rxg3 36. Rxg6 Rxg6 37. Rxe5 Rg8 38. Re3 Re8 39. Rc3 Rc8 40. Re3 Ke8 41. Kc2 Kd7 42. Kd3 Re8 43. Kd4 Rxe7 44. Rg3 Re4+ 45. Kc5 Rc4+ 46. Kb6 Rxb4 47. Rg7+ Kd6 48. Rg6+ Ke5 49. Rxc6 Ra4 50. Rc2 d4 51. Rd2 Ke4 52. Kc5 Ke3 53. Rd1 d3 0-1

[Event "CCT Chessable Masters Play-In 2025"]
[Site "Online"]
[Date "2025.02.17"]
[Round "1.3"]
[White "Lazavik, Denis"]
[Black "Rakhmanov, Aleksandr"]
[Result "1/2-1/2"]
[ECO "E61"]
[WhiteElo "2572"]
[BlackElo "2585"]
[PlyCount "98"]
[EventDate "2025.02.13"]
[EventType "swiss"]
[EventCountry "NET"]
[TimeControl "600"]
[WhiteClock "0:01:54"]
[BlackClock "0:02:27"]

1. d4 Nf6 2. c4 d6 3. Nf3 g6 4. Nc3 Bf5 5. Qb3 Qc8 6. c5 Bg7 7. Ng5 O-O 8. e4 Bd7 9. Bc4 e6 10. e5 dxe5 11. dxe5 Ng4 12. f4 Nc6 13. Qd1 Nh6 14. O-O Rd8 15. Qe1 Be8 16. h3 Nd4 17. Qf2 b5 18. Bd3 Bc6 19. Be4 Qb7 20. g4 b4 21. Bxc6 Qxc6 22. Nce4 b3 23. axb3 Nxb3 24. Ra3 Rd3 25. Be3 a5 26. Nc3 a4 27. Nge4 Kh8 28. Qe2 Rdd8 29. Qc4 Ng8 30. Rxa4 Rxa4 31. Qxa4 Qxa4 32. Nxa4 Ne7 33. Nac3 Kg8 34. Kf2 Nc6 35. Rd1 Rxd1 36. Nxd1 Kf8 37. Ke2 Nb4 38. Nd2 Nc1+ 39. Kf3 Ke8 40. Ne4 Nb3 41. h4 Kd7 42. h5 gxh5 43. gxh5 h6 44. Ke2 Kc6 45. Ndc3 Bf8 46. Na4 Kb5 47. Nac3+ Kc6 48. Na4 Kb5 49. Nac3+ Kc6 1/2-1/2

[Event "CCT Chessable Masters Play-In 2025"]
[Site "Online"]
[Date "2025.02.17"]
[Round "1.4"]
[White "Warmerdam, Max"]
[Black "Aravindh, Chithambaram VR."]
[Result "0-1"]
[ECO "E69"]
[WhiteElo "2638"]
[BlackElo "2729"]
[PlyCount "86"]
[EventDate "2025.02.13"]
[EventType "swiss"]
[EventCountry "NET"]
[TimeControl "600"]
[WhiteClock "0:01:37"]
[BlackClock "0:02:36"]

1. Nf3 Nf6 2. g3 g6 3. Bg2 Bg7 4. c4 O-O 5. Nc3 d6 6. d4 Nbd7 7. O-O c6 8. e4 Qc7 9. h3 e5 10. Be3 exd4 11. Nxd4 Re8 12. Qc2 Nc5 13. Rad1 a6 14. b4 Ne6 15. Nb3 b5 16. cxb5 axb5 17. Rc1 Qe7 18. Rfd1 h5 19. Qd2 Rd8 20. Na5 Bb7 21. a3 Ra6 22. Ne2 Ba8 23. Qd3 Qe8 24. Rd2 c5 25. Nc3 Rb8 26. Rcd1 Nd7 27. Ne2 Ne5 28. Qc2 Rc8 29. Qb1 c4 30. Rxd6 Rxd6 31. Rxd6 Nd3 32. Qc2 Ne1 33. Qc1 Nxg2 34. Kxg2 Bxe4+ 35. Kh2 Be5 36. Rb6 h4 37. Nc3 hxg3+ 38. fxg3 Ba8 39. Nxb5 Qd7 40. Qd2 Qd3 41. Qxd3 cxd3 42. Nb3 Rc2+ 43. Nd2 Rc1 0-1

[Event "CCT Chessable Masters Play-In 2025"]
[Site "Online"]
[Date "2025.02.17"]
[Round "1.5"]
[White "Artemiev, Vladislav"]
[Black "Alonso Rosell, Alvar"]
[Result "1-0"]
[ECO "A30"]
[WhiteElo "2691"]
[BlackElo "2535"]
[PlyCount "83"]
[EventDate "2025.02.13"]
[EventType "swiss"]
[EventCountry "NET"]
[TimeControl "600"]
[WhiteClock "0:03:20"]
[BlackClock "0:01:45"]

1. Nf3 Nf6 2. c4 c5 3. g3 Nc6 4. Bg2 d6 5. d4 cxd4 6. Nxd4 Bd7 7. b3 g6 8. Bb2 Bg7 9. Nc2 h5 10. h3 Qc8 11. Nc3 O-O 12. Rc1 Re8 13. Ne3 Qd8 14. Qd2 Bh6 15. Ncd5 Be6 16. Nf4 Qd7 17. h4 Bf5 18. Bxf6 exf6 19. Ned5 Bg7 20. O-O Rad8 21. Rcd1 Ne5 22. Rfe1 Bg4 23. Ne3 Be6 24. Qc2 Bh6 25. Ned5 Bxd5 26. Nxd5 Bg7 27. Rd2 Ng4 28. Red1 g5 29. Bh3 gxh4 30. f3 f5 31. fxg4 hxg4 32. Bg2 Re5 33. gxh4 Qe6 34. e3 Qh6 35. Rf2 Qxh4 36. Rxf5 Rde8 37. Rdf1 R8e6 38. Rxf7 Rh6 39. Rxb7 Qh2+ 40. Kf2 Rxd5 41. Rb8+ Kf7 42. Ke1+ 1-0

[Event "CCT Chessable Masters Play-In 2025"]
[Site "Online"]
[Date "2025.02.17"]
[Round "1.6"]
[White "Donchenko, Alexander"]
[Black "Keymer, Vincent"]
[Result "1/2-1/2"]
[ECO "A85"]
[WhiteElo "2632"]
[BlackElo "2731"]
[PlyCount "177"]
[EventDate "2025.02.13"]
[EventType "swiss"]
[EventCountry "NET"]
[TimeControl "600"]
[WhiteClock "0:00:31"]
[BlackClock "0:00:13"]

1. c4 e6 2. Nc3 Bb4 3. e3 Bxc3 4. bxc3 f5 5. d4 Nf6 6. Bd3 O-O 7. Ne2 d6 8. Qc2 b6 9. a4 Nc6 10. O-O Na5 11. Ba3 c5 12. Nf4 e5 13. Nd5 e4 14. Be2 Ba6 15. dxc5 bxc5 16. Rfd1 Rb8 17. h3 Nxd5 18. Rxd5 Qf6 19. Rad1 Rb6 20. Qd2 Bxc4 21. Bxc4 Nxc4 22. Qa2 Qxc3 23. Rxd6 Qb3 24. Qxb3 Rxb3 25. Bxc5 Nxd6 26. Rxd6 Rb7 27. a5 Rf6 28. Rd5 g6 29. Bd4 Rc6 30. g4 fxg4 31. hxg4 Kf7 32. Kg2 a6 33. Kg3 h6 34. Kf4 Re6 35. Bb6 Rf6+ 36. Kg3 g5 37. Rd4 Re6 38. Rd8 Kg6 39. Rg8+ Rg7 40. Ra8 Rf7 41. Bd4 Rd7 42. Rg8+ Kf7 43. Rg7+ Ke8 44. Rg8+ Ke7 45. Ra8 Rc6 46. Rh8 Rd5 47. Rh7+ Ke8 48. Rh8+ Kd7 49. Rh7+ Kc8 50. Bb6 Rf6 51. Rc7+ Kb8 52. Rc2 Rd7 53. Bd4 Rf3+ 54. Kg2 Rdf7 55. Be5+ Kb7 56. Bd4 Rf8 57. Be5 R3f7 58. Bg3 Rc8 59. Rb2+ Ka7 60. Rb6 Rc5 61. Rxh6 Rxa5 62. Re6 Rb5 63. Rxe4 a5 64. Be5 Ka6 65. Bd4 a4 66. Re8 Rd5 67. Kg3 Rb7 68. Ra8+ Kb5 69. Bf6 Kb4 70. f4 Rd3 71. Kf3 gxf4 72. Kxf4 a3 73. g5 Kb3 74. g6 Rd6 75. Ke5 Rdd7 76. e4 a2 77. Kf5 Rb5+ 78. Ke6 Rbb7 79. Kf5 Rb5+ 80. Kg4 Rb6 81. g7 Rxg7+ 82. Bxg7 Rg6+ 83. Kf5 Rxg7 84. e5 Rb7 85. e6 Kb2 86. Kf6 a1=Q 87. Rxa1 Kxa1 88. e7 Rxe7 89. Kxe7 1/2-1/2

[Event "CCT Chessable Masters Play-In 2025"]
[Site "Online"]
[Date "2025.02.17"]
[Round "1.7"]
[White "Abdusattorov, Nodirbek"]
[Black "Sjugirov, Sanan"]
[Result "0-1"]
[ECO "C55"]
[WhiteElo "2766"]
[BlackElo "2643"]
[PlyCount "116"]
[EventDate "2025.02.13"]
[EventType "swiss"]
[EventCountry "NET"]
[TimeControl "600"]
[WhiteClock "0:02:01"]
[BlackClock "0:02:05"]

1. e4 e5 2. Nf3 Nc6 3. Bc4 Nf6 4. d3 Be7 5. a4 O-O 6. O-O d6 7. a5 Rb8 8. Nc3 Be6 9. Re1 h6 10. Nd5 Bxd5 11. exd5 Nb4 12. d4 e4 13. Nd2 c6 14. dxc6 d5 15. Bf1 Nxc6 16. Nb3 Bd6 17. g3 Re8 18. a6 b5 19. Be3 Qc8 20. c3 Ne7 21. Na5 Rb6 22. Nb7 Bb8 23. Ra5 Nf5 24. Bxb5 Re7 25. Nc5 Nxe3 26. Rxe3 h5 27. Na4 Rd6 28. Be2 h4 29. Nc5 Rb6 30. b4 hxg3 31. hxg3 Qh3 32. Ra1 g5 33. Qf1 Qf5 34. Qg2 Kg7 35. Rf1 g4 36. c4 Rxb4 37. Rc1 Nh7 38. Qf1 Ng5 39. Kg2 Nf3 40. cxd5 Rxd4 41. Rc4 Rxc4 42. Bxc4 Re8 43. Nxe4 Rxe4 44. Bd3 Qh5 45. Qh1 Qxh1+ 46. Kxh1 Rxe3 47. fxe3 Bxg3 48. Bf5 Ne5 49. Kg2 Bh4 50. e4 Be7 51. Kg3 Bd6 52. Kh4 Kf6 53. Bc8 Kg6 54. Bf5+ Kh6 55. Bc8 Be7+ 56. Kg3 Kg5 57. Bf5 Bd6 58. Kg2 Kf4 0-1

[Event "CCT Chessable Masters Play-In 2025"]
[Site "Online"]
[Date "2025.02.17"]
[Round "1.8"]
[White "Nesterov, Arseniy"]
[Black "Yu, Yangyi"]
[Result "1/2-1/2"]
[ECO "A46"]
[WhiteElo "2591"]
[BlackElo "2715"]
[PlyCount "117"]
[EventDate "2025.02.13"]
[EventType "swiss"]
[EventCountry "NET"]
[TimeControl "600"]
[WhiteClock "0:00:33"]
[BlackClock "0:00:24"]

1. d4 Nf6 2. Nf3 e6 3. Bf4 c5 4. e3 Be7 5. Nbd2 Nc6 6. dxc5 Bxc5 7. a3 O-O 8. c4 a5 9. Bd3 h6 10. O-O b6 11. Ne4 Nxe4 12. Bxe4 Ba6 13. Qc2 Rc8 14. Rfd1 Be7 15. Rac1 b5 16. c5 b4 17. Bd6 Bxd6 18. Rxd6 Qe7 19. Bxc6 Rxc6 20. Rxc6 dxc6 21. Qa4 bxa3 22. bxa3 Qc7 23. Nd4 Rc8 24. h3 e5 25. Nf5 Bd3 26. Nd6 Rb8 27. Rd1 Be2 28. Re1 Bd3 29. e4 Rb2 30. Re3 Ba6 31. Rg3 g6 32. Rf3 Bb5 33. Qd1 Be2 34. Qc1 Qb8 35. Qxh6 Rb1+ 36. Kh2 Bxf3 37. gxf3 Qb2 38. Qh4 Qc1 39. Qd8+ Kh7 40. Qh4+ Kg8 41. Qd8+ Kh7 42. Qh4+ Kg7 43. Ne8+ Kf8 44. Qh8+ Ke7 45. Qxe5+ Kd8 46. Qc7+ Kxe8 47. Qe5+ Kf8 48. Qh8+ Ke7 49. Qe5+ Kd7 50. Qd6+ Kc8 51. Qxc6+ Kb8 52. Qd6+ Kc8 53. Qc6+ Kb8 54. Qd6+ Ka7 55. Qc7+ Ka6 56. Qc6+ Ka7 57. Qc7+ Ka8 58. Qc8+ Ka7 59. Qc7+ 1/2-1/2

[Event "CCT Chessable Masters Play-In 2025"]
[Site "Online"]
[Date "2025.02.17"]
[Round "1.9"]
[White "Wei, Yi"]
[Black "Vakhidov, Jakhongir"]
[Result "1-0"]
[ECO "B31"]
[WhiteElo "2755"]
[BlackElo "2546"]
[PlyCount "93"]
[EventDate "2025.02.13"]
[EventType "swiss"]
[EventCountry "NET"]
[TimeControl "600"]
[WhiteClock "0:04:55"]
[BlackClock "0:01:17"]

1. e4 c5 2. Be2 g6 3. d3 Bg7 4. f4 d5 5. Nf3 dxe4 6. dxe4 Qxd1+ 7. Bxd1 Nf6 8. Nc3 Be6 9. e5 Nd5 10. Ng5 Nc6 11. Nxe6 fxe6 12. Ne4 b6 13. c3 h6 14. Bg4 Kf7 15. Bd2 Rad8 16. O-O-O Nc7 17. Kc2 Rhf8 18. Rhf1 Kg8 19. g3 c4 20. a4 Nd5 21. Bxe6+ Kh7 22. Bc1 Nc7 23. Rxd8 Rxd8 24. Bxc4 Rc8 25. Be3 Na5 26. Ba2 Na6 27. Kd3 Nb7 28. b4 Nc7 29. Rd1 g5 30. fxg5 Bxe5 31. gxh6 Kg6 32. Ke2 Nd6 33. Bb1 Kh5 34. Nxd6 exd6 35. Bf5 Rf8 36. g4+ Kh4 37. h7 b5 38. Bf2+ Kg5 39. h4+ Kf6 40. a5 Ne6 41. Bxa7 Nf4+ 42. Kf3 Ng6 43. Bf2 Kg7 44. a6 Ne7 45. a7 Bxc3 46. Rxd6 Bxb4 47. Bd4+ 1-0

[Event "CCT Chessable Masters Play-In 2025"]
[Site "Online"]
[Date "2025.02.17"]
[Round "1.10"]
[White "Bjerre, Jonas Buhl"]
[Black "Andreikin, Dmitry"]
[Result "0-1"]
[ECO "B80"]
[WhiteElo "2640"]
[BlackElo "2695"]
[PlyCount "86"]
[EventDate "2025.02.13"]
[EventType "swiss"]
[EventCountry "NET"]
[TimeControl "600"]
[WhiteClock "0:01:37"]
[BlackClock "0:02:47"]

1. e4 c5 2. Nf3 e6 3. g3 Nc6 4. Bg2 Nf6 5. Nc3 d6 6. d4 cxd4 7. Nxd4 Bd7 8. Ndb5 Qb8 9. a4 Be7 10. O-O O-O 11. Be3 Rc8 12. h3 Ne5 13. Na3 Bc6 14. Qe2 b6 15. Rfd1 Qb7 16. Bf4 h5 17. Nab5 Qb8 18. Bg5 a6 19. Nd4 Bb7 20. Rab1 Qc7 21. Bxf6 Bxf6 22. Qxh5 Nc4 23. Nce2 Qc5 24. Qf3 b5 25. Qb3 Na5 26. Qd3 bxa4 27. b4 axb3 28. cxb3 Qb6 29. Qd2 Nc6 30. Nxc6 Rxc6 31. Nf4 Rac8 32. Nh5 Be5 33. Rdc1 g6 34. Rxc6 Qxc6 35. Qg5 Qc2 36. Rf1 Bxe4 37. Nf4 Bxg2 38. Kxg2 Qe4+ 39. Kh2 Bxf4 40. gxf4 Kg7 41. h4 Rc5 42. Qg3 Rf5 43. Rd1 Rxf4 0-1

[Event "CCT Chessable Masters Play-In 2025"]
[Site "Online"]
[Date "2025.02.17"]
[Round "1.11"]
[White "Duda, Jan-Krzysztof"]
[Black "Henriquez Villagra, Cristobal"]
[Result "1-0"]
[ECO "E92"]
[WhiteElo "2739"]
[BlackElo "2597"]
[PlyCount "77"]
[EventDate "2025.02.13"]
[EventType "swiss"]
[EventCountry "NET"]
[TimeControl "600"]
[WhiteClock "0:02:34"]
[BlackClock "0:00:51"]

1. d4 Nf6 2. c4 g6 3. Nc3 Bg7 4. e4 O-O 5. h3 d6 6. Be3 Na6 7. Nf3 e5 8. d5 Nc5 9. Nd2 a5 10. Be2 c6 11. g4 a4 12. g5 Nfd7 13. h4 Qa5 14. a3 f5 15. h5 Rd8 16. h6 Bf8 17. exf5 gxf5 18. Qc2 e4 19. f4 Be7 20. O-O-O Nf8 21. Kb1 Bd7 22. Rdg1 Ng6 23. Bh5 Be8 24. Nf1 Qc7 25. Ng3 Qd7 26. Bxc5 dxc5 27. Ngxe4 fxe4 28. Bg4 Qd6 29. Be6+ Kh8 30. Nxe4 Qxf4 31. Rf1 Qe5 32. Rf5 Qd4 33. Rd1 Qe3 34. d6 Nh4 35. Re5 Rxd6 36. Bg4 Rxd1+ 37. Qxd1 Ng6 38. Re6 Rd8 39. Qxd8 1-0

[Event "CCT Chessable Masters Play-In 2025"]
[Site "Online"]
[Date "2025.02.17"]
[Round "1.12"]
[White "Muradli, Mahammad"]
[Black "Martinez Alcantara, Jose Eduardo"]
[Result "1-0"]
[ECO "A35"]
[WhiteElo "2588"]
[BlackElo "2606"]
[PlyCount "69"]
[EventDate "2025.02.13"]
[EventType "swiss"]
[EventCountry "NET"]
[TimeControl "600"]
[WhiteClock "0:03:50"]
[BlackClock "0:03:57"]

1. Nf3 c5 2. c4 Nc6 3. Nc3 g6 4. e3 Bg7 5. d4 d6 6. d5 Na5 7. Bd2 Nf6 8. b3 O-O 9. Be2 e5 10. O-O b6 11. e4 Ne8 12. Ne1 f5 13. exf5 gxf5 14. f4 e4 15. Nc2 a6 16. Ne3 Ra7 17. Kh1 Nf6 18. Rg1 Kh8 19. Qc2 Re7 20. Raf1 Nb7 21. Bc1 Qe8 22. Bb2 Qg6 23. Na4 b5 24. Nb6 h5 25. Nxc8 Rxc8 26. h3 Qh7 27. g3 bxc4 28. Bxc4 Nd8 29. Rf2 Ng8 30. Rh2 Bxb2 31. Qxb2+ Rg7 32. g4 Ne7 33. gxf5 Ng8 34. Rhg2 Rcc7 35. f6 1-0

[Event "CCT Chessable Masters Play-In 2025"]
[Site "Online"]
[Date "2025.02.17"]
[Round "1.13"]
[White "Nihal Sarin"]
[Black "Lie, Kjetil A."]
[Result "1-0"]
[ECO "B38"]
[WhiteElo "2687"]
[BlackElo "2489"]
[PlyCount "68"]
[EventDate "2025.02.13"]
[EventType "swiss"]
[EventCountry "NET"]
[TimeControl "600"]
[WhiteClock "0:04:38"]
[BlackClock "0:03:03"]

1. d4 Nf6 2. c4 c5 3. Nf3 g6 4. Nc3 Bg7 5. e4 cxd4 6. Nxd4 O-O 7. Be2 Nc6 8. Be3 d6 9. O-O Nxd4 10. Bxd4 Bd7 11. h3 Bc6 12. Qc2 a5 13. Rad1 a4 14. Rfe1 Qa5 15. Bf3 Nd7 16. Bxg7 Kxg7 17. Nd5 Rfe8 18. b4 axb3 19. axb3 Bxd5 20. exd5 Ne5 21. Be2 Qa2 22. Qc3 Qa5 23. b4 Qa3 24. Qd4 Kg8 25. c5 Ra4 26. Rb1 Rc8 27. Bb5 Raa8 28. cxd6 exd6 29. f4 Nf3+ 30. gxf3 Qxf3 31. Re3 Qh5 32. Rbe1 h6 33. Bd7 Rd8 34. Qf6 Rf8 1-0

[Event "CCT Chessable Masters Play-In 2025"]
[Site "Online"]
[Date "2025.02.17"]
[Round "1.14"]
[White "Smirnov, Pavel"]
[Black "Giri, Anish"]
[Result "0-1"]
[ECO "E60"]
[WhiteElo "2476"]
[BlackElo "2728"]
[PlyCount "74"]
[EventDate "2025.02.13"]
[EventType "swiss"]
[EventCountry "NET"]
[TimeControl "600"]
[WhiteClock "0:03:18"]
[BlackClock "0:04:19"]

1. d4 Nf6 2. c4 d6 3. Nf3 g6 4. g3 Bg7 5. Bg2 Bf5 6. O-O O-O 7. Nh4 Be4 8. Nc3 Bxg2 9. Kxg2 Nbd7 10. Nf3 c5 11. e4 cxd4 12. Nxd4 a6 13. Qe2 Rc8 14. a4 Re8 15. Rd1 Qa5 16. Be3 Ne5 17. c5 dxc5 18. Nf3 Nfg4 19. Bf4 Nxf3 20. Qxf3 Ne5 21. Qe2 Nc6 22. e5 Nd4 23. Qe4 Qb6 24. Rab1 Qc6 25. Qxc6 Rxc6 26. b4 Ne6 27. b5 axb5 28. axb5 Rcc8 29. Rd7 g5 30. Be3 Bxe5 31. Nd5 Rcd8 32. Nxe7+ Kf8 33. Rxd8 Rxd8 34. Nf5 c4 35. Rc1 c3 36. Bb6 Rd5 37. Ba5 Rxb5 0-1

[Event "CCT Chessable Masters Play-In 2025"]
[Site "Online"]
[Date "2025.02.17"]
[Round "1.15"]
[White "Mamedyarov, Shakhriyar"]
[Black "Narayanan, Srinath"]
[Result "0-1"]
[ECO "D26"]
[WhiteElo "2731"]
[BlackElo "2516"]
[PlyCount "152"]
[EventDate "2025.02.13"]
[EventType "swiss"]
[EventCountry "NET"]
[TimeControl "600"]
[WhiteClock "0:00:02"]
[BlackClock "0:00:06"]

1. d4 d5 2. c4 dxc4 3. Nf3 Nf6 4. e3 e6 5. Bxc4 Be7 6. O-O O-O 7. b3 c5 8. Bb2 cxd4 9. Nxd4 a6 10. Nd2 b5 11. Be2 Bb7 12. Bf3 Ra7 13. Rc1 Bxf3 14. Qxf3 e5 15. Nf5 Qxd2 16. Bxe5 Qd5 17. Nxe7+ Rxe7 18. Qxd5 Nxd5 19. Bd6 Rb7 20. Bxf8 Kxf8 21. Rfd1 Nb6 22. f3 Ke7 23. e4 N8d7 24. Kf2 g5 25. Rc6 Ne5 26. Rh6 Nbd7 27. Rxh7 Rc7 28. Rd2 Nc5 29. h4 g4 30. Rh5 Ke6 31. Rh8 Ncd3+ 32. Kg3 gxf3 33. gxf3 Rc3 34. h5 Nc5 35. Kg2 f6 36. h6 Kf7 37. Rdd8 Ne6 38. h7 Kg7 39. Rdg8+ Kh6 40. Rg3 Nf4+ 41. Kf2 Nfg6 42. Ra8 Kxh7 43. Ra7+ Kh6 44. Rxa6 Nd3+ 45. Ke3 Nb4+ 46. Kd2 Rd3+ 47. Ke2 Nf4+ 48. Kf2 Nxa6 49. Rg4 Ng6 50. Ke2 Rc3 51. f4 b4 52. Kd2 Nc5 53. e5 fxe5 54. f5 Nf4 55. f6 Ne4+ 56. Kd1 Nxf6 57. Rh4+ Kg5 58. Rh8 Ng4 59. Rb8 Ne3+ 60. Kd2 Ned5 61. Rf8 Rd3+ 62. Kc2 e4 63. Rg8+ Kf5 64. Rf8+ Ke5 65. Rc8 Kd4 66. Rc4+ Ke3 67. Rc8 Rc3+ 68. Rxc3+ Nxc3 69. a4 bxa3 70. Kxc3 Nd3 71. b4 Nxb4 72. Kb3 a2 73. Kb2 Kd4 74. Kb3 a1=Q 75. Kxb4 Qc3+ 76. Ka4 e3 0-1

[Event "CCT Chessable Masters Play-In 2025"]
[Site "Online"]
[Date "2025.02.17"]
[Round "1.16"]
[White "Demidov, Mikhail"]
[Black "Vidit, Santosh Gujrathi"]
[Result "0-1"]
[ECO "E14"]
[WhiteElo "2549"]
[BlackElo "2721"]
[PlyCount "84"]
[EventDate "2025.02.13"]
[EventType "swiss"]
[EventCountry "NET"]
[TimeControl "600"]
[WhiteClock "0:01:12"]
[BlackClock "0:01:26"]

1. d4 Nf6 2. Nf3 e6 3. e3 b6 4. Bd3 Bb7 5. O-O d5 6. b3 Bd6 7. Bb2 O-O 8. Nbd2 Nbd7 9. c4 Ne4 10. Rc1 Qe7 11. Qc2 f5 12. Ne5 Nxe5 13. dxe5 Bc5 14. Bd4 Ba3 15. Bb2 Bxb2 16. Qxb2 Rad8 17. Nf3 Nc5 18. Be2 f4 19. Rcd1 fxe3 20. fxe3 a5 21. Rd4 dxc4 22. bxc4 Rf5 23. Rxd8+ Qxd8 24. Qd4 Qe7 25. Rd1 Rf8 26. h3 h6 27. Kh2 Bc6 28. Kg1 Ne4 29. Kh2 Qa3 30. Nh4 Nc3 31. Rd3 Qxa2 32. Bg4 Ne4 33. Bxe6+ Kh7 34. Bd5 Bxd5 35. cxd5 Nc5 36. Rd2 Qb1 37. d6 cxd6 38. exd6 Rf1 39. d7 Qe1 40. g4 Rh1+ 41. Kg2 Qf1+ 42. Kg3 Rxh3# 0-1

[Event "CCT Chessable Masters Play-In 2025"]
[Site "Online"]
[Date "2025.02.17"]
[Round "1.17"]
[White "Ding, Liren"]
[Black "Lagarde, Maxime"]
[Result "1/2-1/2"]
[ECO "A28"]
[WhiteElo "2734"]
[BlackElo "2604"]
[PlyCount "92"]
[EventDate "2025.02.13"]
[EventType "swiss"]
[EventCountry "NET"]
[TimeControl "600"]
[WhiteClock "0:00:53"]
[BlackClock "0:00:21"]

1. c4 e5 2. Nc3 Nf6 3. Nf3 Nc6 4. d3 d5 5. cxd5 Nxd5 6. e4 Nf6 7. Be2 Bc5 8. Be3 Bb6 9. h3 O-O 10. O-O Re8 11. Rc1 Be6 12. a3 h6 13. Na4 Nd7 14. b4 a6 15. Nxb6 Nxb6 16. Qc2 Re7 17. Rfd1 Rd7 18. Qb2 Na4 19. Qa1 Nd4 20. Nxd4 exd4 21. Bd2 Rc8 22. f4 f6 23. Rf1 Qe8 24. Bd1 Rdd8 25. f5 Bf7 26. Qb1 c5 27. bxc5 Nxc5 28. Ba5 Rd6 29. Bb4 Qe5 30. Rf2 Rdc6 31. Bxc5 Rxc5 32. Rxc5 Rxc5 33. Bb3 Bxb3 34. Qxb3+ Kh7 35. Qxb7 Qg3 36. Qb2 Qxd3 37. Qe2 Rc1+ 38. Kh2 Qxe2 39. Rxe2 Rc3 40. Rd2 d3 41. a4 Rc4 42. Rxd3 Rxe4 43. g4 Rxa4 44. Kg3 h5 45. Kh4 hxg4 46. hxg4 Ra2 1/2-1/2

[Event "CCT Chessable Masters Play-In 2025"]
[Site "Online"]
[Date "2025.02.17"]
[Round "1.18"]
[White "Nasuta, Grzegorz"]
[Black "Grischuk, Alexander"]
[Result "1/2-1/2"]
[ECO "B45"]
[WhiteElo "2506"]
[BlackElo "2687"]
[PlyCount "95"]
[EventDate "2025.02.13"]
[EventType "swiss"]
[EventCountry "NET"]
[TimeControl "600"]
[WhiteClock "0:01:46"]
[BlackClock "0:01:52"]

1. e4 c5 2. Nf3 e6 3. d4 cxd4 4. Nxd4 Nc6 5. Nc3 Nf6 6. Nxc6 bxc6 7. e5 Nd5 8. Ne4 Bb7 9. Be2 c5 10. O-O Qc7 11. Nd6+ Bxd6 12. exd6 Qc6 13. f3 c4 14. Qd4 O-O 15. Bxc4 Rfc8 16. b3 Qxd6 17. Rd1 Qb6 18. Qxb6 Nxb6 19. Bd3 a5 20. a4 Ba6 21. Bxa6 Rxa6 22. c4 d5 23. Be3 h6 24. Rac1 Rb8 25. Bxb6 Raxb6 26. cxd5 exd5 27. Rxd5 Rxb3 28. Rxa5 Rb2 29. Rac5 Ra2 30. Rc8+ Rxc8 31. Rxc8+ Kh7 32. Rc4 g5 33. h4 Kg6 34. Kh2 f5 35. Kh3 f4 36. hxg5 hxg5 37. Rb4 Kh5 38. Re4 Ra1 39. Kh2 Ra2 40. Rb4 Kg6 41. Rb6+ Kh5 42. Ra6 g4 43. fxg4+ Kxg4 44. Kg1 Ra1+ 45. Kf2 Ra2+ 46. Kg1 Ra1+ 47. Kf2 Ra2+ 48. Kg1 1/2-1/2

[Event "CCT Chessable Masters Play-In 2025"]
[Site "Online"]
[Date "2025.02.17"]
[Round "1.19"]
[White "Tabatabaei, M. Amin"]
[Black "Dvirnyy, Danyyil"]
[Result "1-0"]
[ECO "E04"]
[WhiteElo "2666"]
[BlackElo "2488"]
[PlyCount "141"]
[EventDate "2025.02.13"]
[EventType "swiss"]
[EventCountry "NET"]
[TimeControl "600"]
[WhiteClock "0:00:25"]
[BlackClock "0:00:13"]

1. d4 Nf6 2. Nf3 e6 3. g3 d5 4. Bg2 c5 5. c4 dxc4 6. O-O Nc6 7. dxc5 Qxd1 8. Rxd1 Bxc5 9. Nbd2 c3 10. bxc3 O-O 11. Nb3 Be7 12. Bb2 Bd7 13. c4 Rfd8 14. Nfd4 Rac8 15. Nb5 b6 16. Nd6 Rb8 17. Rd2 a5 18. Rad1 a4 19. Nc1 e5 20. Bxc6 Bxc6 21. Bxe5 Ra8 22. Nf5 Rxd2 23. Nxe7+ Kf8 24. Rxd2 Kxe7 25. a3 b5 26. Bxf6+ gxf6 27. c5 Rc8 28. Na2 Be4 29. Nc3 f5 30. f3 Rxc5 31. Na2 Bd5 32. Nb4 Be6 33. Rd3 Rc1+ 34. Kf2 Bc4 35. Re3+ Kd6 36. h3 Rb1 37. g4 fxg4 38. hxg4 Kc5 39. Re5+ Kd6 40. f4 Rb3 41. Re3 Kc5 42. Nc2 Rb2 43. Rc3 Rb3 44. Re3 Rb2 45. Re5+ Kd6 46. Nd4 b4 47. axb4 a3 48. Nb5+ Bxb5 49. Rxb5 a2 50. Ra5 Rxb4 51. Kf3 Rb2 52. f5 Kc6 53. e4 Kb6 54. Ra8 h6 55. Kf4 f6 56. e5 Rb4+ 57. Kg3 fxe5 58. Rxa2 Kc5 59. Ra6 Kd4 60. Rxh6 Rb3+ 61. Kh4 e4 62. Re6 e3 63. f6 Rb1 64. g5 Rh1+ 65. Kg4 Rg1+ 66. Kh5 Rf1 67. g6 Rh1+ 68. Kg5 Rg1+ 69. Kh6 Rh1+ 70. Kg7 Rg1 71. f7 1-0